 Dungeon Crawl Stone Soup version 0.29.1-14-g9c671dbff4 (webtiles) character file.

Game seed: 5226520869977527439

74 Barneous the Shooter (level 4, -4/30 HPs)
             Began as an Octopode Hunter on Feb 17, 2023.
             Killed from afar by an orc wizard (6 damage)
             ... with a magic dart
             ... on level 3 of the Dungeon.
             The game lasted 00:06:19 (2165 turns).

Barneous the Shooter (Octopode Hunter)              Turns: 2165, Time: 00:06:22

Health: -4/30      AC:  1    Str: 10      XL:     4   Next: 30%
Magic:  5/5        EV: 13    Int: 12 (13) God:
Gold:   128        SH:  0    Dex: 14 (15) Spells: 5/5 levels left

rFire   . . .      SeeInvis .   a - +1 shortbow
rCold   . . .      Faith    .   (shield currently unavailable)
rNeg    . . .      Spirit   .   (helmet restricted)
rPois   +          Reflect  .   (no amulet)
rElec   .          Harm     .   e - ring of wizardry
rCorr   .          Rampage  .   f - ring of poison resistance
Will    .....                   (no ring)
Stlth   +++.......              (no ring)
HPRegen 0.10/turn               (no ring)
MPRegen 0.09/turn               (no ring)
                                (no ring)
                                (no ring)

@: no status effects
A: almost no armour, amphibious, 8 rings, camouflage 1, gelatinous body 1,
(nimble swimmer 1), tentacles
a: no special abilities


You were on level 3 of the Dungeon.
You visited 1 branch of the dungeon, and saw 4 of its levels.

You collected 128 gold pieces.

Inventory:

Hand Weapons
 a - a +1 shortbow (weapon)
Jewellery
 e - a ring of wizardry (left tentacle)
 f - a ring of poison resistance (right tentacle)
Scrolls
 b - 6 scrolls of identify
Potions
 c - a potion of cancellation


   Skills:
 + Level 2.6 Fighting
 + Level 4.2 Ranged Weapons
 + Level 2.5 Dodging
 + Level 2.6 Stealth
 + Level 1.1 Unarmed Combat
 + Level 1.1 Spellcasting


You had 5 spell levels left.
You didn't know any spells.
Your spell library was empty.

Dungeon Overview and Level Annotations

Branches:
Dungeon (4/15)
 Temple: D:4-7

Altars:

Shops:
D:1 (

Annotations:
D:4 Natasha


Innate Abilities, Weirdness & Mutations

You cannot wear most types of armour.
You are amphibious.
You can wear up to eight rings at the same time.
Your skin changes colour to match your surroundings (Stealth+).
Your rubbery body absorbs attacks. (AC +1, EV +1)
((You are camouflaged when in or above water. (Stealth+)))
You have tentacles for arms and can constrict up to eight enemies at once.


Message History

You shoot an arrow. The arrow closely misses the orc.
The arrow hits the orc!
You kill the orc!
The orc hits you with a +2 short sword of holy wrath.
Fire: a) +1 shortbow
Press: ? - help, Q - select action Shift-Dir - straight line, f/p - orc
Aim: an orc, wielding a +2 short sword of holy wrath and wearing a +0 leather armour (heavily wounded, 63% to hit)
You shoot an arrow. The arrow barely misses the orc.
The orc hits you with a +2 short sword of holy wrath.
* * * LOW HITPOINT WARNING * * *
Fire: a) +1 shortbow
Press: ? - help, Q - select action Shift-Dir - straight line, f/p - orc
Aim: an orc, wielding a +2 short sword of holy wrath and wearing a +0 leather armour (heavily wounded, 63% to hit)
You shoot an arrow. The arrow hits the orc.
The orc is severely wounded.
The orc barely misses you.
Fire: a) +1 shortbow
Press: ? - help, Q - select action Shift-Dir - straight line, f/p - orc
Aim: an orc, wielding a +2 short sword of holy wrath and wearing a +0 leather armour (severely wounded, 63% to hit)
You shoot an arrow. The arrow hits the orc.
You kill the orc!
Something hits you.
* * * LOW HITPOINT WARNING * * *
Fire: a) +1 shortbow
Press: ? - help, Q - select action Shift-Dir - straight line You shoot an arrow.
Something hits you.
* * * LOW HITPOINT WARNING * * *
Okay, then.
Fire: a) +1 shortbow
Press: ? - help, Q - select action Shift-Dir - straight line You shoot an arrow.
Something hits you.
* * * LOW HITPOINT WARNING * * *
Fire: a) +1 shortbow
Press: ? - help, Q - select action Shift-Dir - straight line You shoot an arrow.
You hear some strange, mumbled words.
A magic dart appears from out of thin air!
The magic dart hits you.
You die...

#####..
##...)oo.
##..#
#..##
#)## #.#
#{# #@#
#.# #.#
#.# #.#
#.# #..
##.


There were no monsters in sight!

Vanquished Creatures
  An adder (D:2)
  2 dart slugs (D:1)
  7 orcs (D:3)
  2 ball pythons (D:1)
  4 endoplasms
  4 giant cockroaches
  5 hobgoblins
  4 kobolds (D:1)
  3 quokkas
  6 bats
  4 frilled lizards
  5 goblins
  3 rats (D:2)
50 creatures vanquished.

Notes
Turn   | Place    | Note
-------+----------+-------------------------------------------
     0 | D:1      | Barneous the Octopode Hunter began the quest for the Orb.
     0 | D:1      | Reached XP level 1. HP: 14/14 MP: 1/1
    45 | D:1      | Found Noack's Weapon Shoppe.
    69 | D:1      | Reached XP level 2. HP: 19/19 MP: 2/2
   461 | D:1      | Reached XP level 3. HP: 10/24 MP: 2/4
  1026 | D:2      | Found a faded altar of an unknown god.
  1146 | D:2      | Noticed Terence
  1427 | D:2      | Reached skill level 1 in Unarmed Combat
  1427 | D:2      | Reached skill level 1 in Spellcasting
  1778 | D:3      | Reached XP level 4. HP: 30/30 MP: 5/5
  1938 | D:4      | Noticed Natasha
  2165 | D:3      | Killed from afar by an orc wizard

Illustrated notes

Levels and vault maps discovered:
D:1:      scummos_arrival_hexagon, layout_basic, serial_shops,
          nicolae_shop_stone, nrook_campfire, minmay_indecisive_spiral
D:2:      layout_loops_ring, nicolae_ecumenical_oubliette, uniq_terence
D:3:      kennysheep_six_static_rooms, layout_basic, biasface_ghost_orc_armoury
D:4:      layout_gridville, mainiacjoe_overflow_catwalk,
          nicolae_qazlal_scattered_showers, minmay_misc_feat_tiny, uniq_sigmund,
          uniq_natasha, uniq_edmund

Skill      XL: |  1  2  3 |
---------------+----------+-----
Stealth        | 2 |  2.6
Unarmed Combat | 1 |  1.1
Spellcasting   | 1 |  1.1
Fighting       | |  2.6
Ranged Weapons | |  4.2
Dodging        | |  2.5

Action                   |  1- 3 |  4- 6 || total
-------------------------+-------+-------++-------
 Fire: Shortbow          |   110 |    41 ||   151
  Use: Potion            |     3 |     1 ||     4
       Scroll            |     7 |     2 ||     9
Armor: Skin              |     3 |     1 ||     4
Dodge: Dodged            |    23 |    22 ||    45
